 Dungeon Crawl Stone Soup version 0.31-a0-845-g9abc20d24f (webtiles) character file.

Game seed: 16309501255417581979

34931 pop123321pop the Warrior (level 13, -3/193 HPs)
             Began as a Minotaur Berserker on Oct 2, 2023.
             Was a High Priest of Trog.
             Slain by a skeletal warrior
             ... wielding a +0 morningstar
              (17 damage)
             ... on level 14 of the Dungeon.
             The game lasted 00:33:25 (16991 turns).

pop123321pop the Warrior (Minotaur Berserker)      Turns: 16991, Time: 00:33:26

Health: -3/193     AC: 22    Str: 27    XL:     13   Next: 44%
Magic:  12/12      EV: 14    Int:  4    God:    Trog [*****.]
Gold:   1145       SH:  0    Dex: 18    Spells: 12/12 levels left

rFire   . . .        b - +4 great mace "Giant's Nightmare" {venom, *Noise Str+4 Dex+4}
rCold   + . .        (shield currently unavailable)
rNeg    . . .        M - +2 plate armour {rC+}
rPois   .            (helmet restricted)
rElec   .            q - +0 cloak
rCorr   .            v - +2 pair of gloves
SInv    .            (no boots)
Will    +....        G - amulet of regeneration Stlth
                     k - +5 ring of evasion
HPRegen 1.32/turn    j - ring of willpower
MPRegen 0.13/turn

%: no passive effects
@: berserking (expiring), very quick
A: horns 2, retaliatory headbutt
a: Renounce Religion, Berserk, Trog's Hand, Brothers in Arms


You were on level 14 of the Dungeon.
You worshipped Trog.
Trog was extremely pleased with you.
You visited 2 branches of the dungeon, and saw 16 of its levels.

You collected 1317 gold pieces.
You spent 172 gold pieces at shops.

Inventory:

Hand Weapons
 b - the +4 great mace "Giant's Nightmare" (weapon) {venom, *Noise Str+4 Dex+4}
   (You acquired it on level 4 of the Dungeon)

   Str+4:     It affects your strength (+4).
   Dex+4:     It affects your dexterity (+4).
   *Noise:    It may make a loud noise when swung.
 O - a +2 orcbow of draining
Missiles
 y - 2 throwing nets
Armour
 q - a +0 cloak (worn)
 v - a +2 pair of gloves (worn)
 M - a +2 plate armour of cold resistance (worn)
Jewellery
 j - a ring of willpower (right hand)
 k - a +5 ring of evasion (left hand)
 w - a ring of ice
 G - an amulet of regeneration (around neck)
Wands
 i - a wand of polymorph (4)
 n - a wand of paralysis (11)
 t - a wand of flame (19)
 D - a wand of iceblast (11)
Scrolls
 d - 2 scrolls of revelation
 e - a scroll of amnesia
 f - 2 scrolls of enchant armour
 g - a scroll of blinking
 l - 5 scrolls of teleportation
 p - 3 scrolls of noise
 r - 4 scrolls of vulnerability
 s - a scroll of brand weapon
 x - 2 scrolls of enchant weapon
 A - 2 scrolls of fear
 B - a scroll of fog {unknown}
 F - 2 scrolls of poison {unknown}
 K - 2 scrolls of silence {unknown}
 N - a scroll of identify
Potions
 a - 3 potions of mutation
 c - 3 potions of might {unknown}
 h - 4 potions of curing
 m - 2 potions of haste {unknown}
 o - 2 potions of attraction {unknown}
 u - 3 potions of lignification {unknown}
 z - a potion of ambrosia {unknown}
 C - 2 potions of degeneration {unknown}
 E - 2 potions of heal wounds {unknown}
 I - a potion of cancellation {unknown}
 J - a potion of enlightenment {unknown}
 L - a potion of brilliance {unknown}


   Skills:
 - Level 16.2 Fighting
 - Level 13.1 Maces & Flails
 - Level 11.0 Ranged Weapons
 - Level 12.0 Armour
 - Level 2.1 Dodging
 + Level 7.1 Evocations


You had 12 spell levels left.
You didn't know any spells.
Your spell library was empty.

Dungeon Overview and Level Annotations

Branches:
Dungeon (14/15)            Temple (0/1) D:5            Lair (0/5) D:10
    Orc (2/2) D:12            Elf (0/3) Orc:2
 Vaults: D:13-14

Altars:
Elyvilon
Sif Muna
Wu Jian

Shops:
D:3 (   D:8 !   D:9 [   D:12 ?   Orc:2 [=(*:

Annotations:
D:8 2 transporters, tinfoiltophat's ghost, novice DjCj


Innate Abilities, Weirdness & Mutations

You have a pair of horns on your head.
You reflexively headbutt those who attack you in melee.


Message History

You furiously retaliate!
You headbutt the skeletal warrior!
The skeletal warrior hits you with a +0 hand axe.
* * * LOW HITPOINT WARNING * * *
The skeletal warrior closely misses you.
You hit the skeletal warrior.
The skeletal warrior is almost destroyed.
The skeletal warrior hits you with a +0 long sword of protection!
* * * LOW HITPOINT WARNING * * *
The skeletal warrior hits you with a +0 mace.
* * * LOW HITPOINT WARNING * * *
The skeletal warrior hits you but does no damage.
The skeletal warrior hits you with a +0 morningstar.
* * * LOW HITPOINT WARNING * * *
You sock the skeletal warrior!
You feel the power of Trog in you as your rage grows.
You destroy the skeletal warrior!
Trog accepts your kill. The skeletal warrior misses you.
The skeletal warrior hits you with a +0 morningstar.
* * * LOW HITPOINT WARNING * * *
The skeletal warrior hits you with a +0 hand axe!
* * * LOW HITPOINT WARNING * * *
You bludgeon the skeletal warrior!!
The skeletal warrior is almost destroyed.
The skeletal warrior hits you with a +0 morningstar.
* * * LOW HITPOINT WARNING * * *
The skeletal warrior hits you with a +0 mace!
* * * LOW HITPOINT WARNING * * *
The skeletal warrior misses you.
Unknown command.
You bludgeon the skeletal warrior!!
You destroy the skeletal warrior!
Trog accepts your kill.
Your Evocations skill increases to level 7!
You bludgeon the skeletal warrior!!
Your headbutt misses the skeletal warrior.
The skeletal warrior is moderately damaged.
The skeletal warrior hits you but does no damage.
The skeletal warrior hits you with a +0 morningstar!
You die...

..# ..# ...............
..# ..............# ..#
...............# ..#
...............# ..#...#
..............# ..#...#
..............# ..#...#
#....z......# ..#...#..#
#...z@).....# ..#...#..#
#.....)...?.# ..#...#..#
#...........# ..#...#..#
#...........# ......#..#
#...........#
......#..###............
......#.................
.###..#...............^.
. #.....##............#


You could see 2 skeletal warriors.

Vanquished Creatures
  An orc warlord (Orc:1)
  3 hydras (D:13)
  3 centaur warriors
  2 boulder beetles (D:14)
  A two-headed ogre (D:12)
  An orc high priest (Orc:2)
  Sonja (D:10)
  2 skeletal warriors (D:14)
  Amaemon (D:10)
  A harpy (shapeshifter) (D:13)
  3 orc knights
  2 deep elf pyromancers (D:13)
  Pikel (D:7)
  2 orc sorcerers (Orc:2)
  2 ugly things
  A cyclops (D:13)
  2 manticores
  A gargoyle (D:12)
  An orange demon (D:10)
  A komodo dragon (D:9)
  Maggie (D:7)
  2 kobold demonologists (D:11)
  3 meliai (D:14)
  8 trolls
  A hornet (D:9)
  An air elemental (D:13)
  2 slime creatures (D:7)
  Sigmund (D:2)
  3 wraiths
  A shadow (D:12)
  2 vampires
  23 yaks
  2 wyverns (D:10)
  A basilisk (D:14)
  A steam dragon (D:9)
  Grum (D:8)
  A vampire mosquito (D:13)
  2 wargs
  3 acid dragons
  2 water moccasins
  27 orc warriors
  2 ice beasts (D:7)
  A black bear (D:4)
  7 sky beasts
  2 wolves (D:8)
  2 ogres
  8 centaurs
  A phantom (D:6)
  9 kobold brigands
  Blork the orc (D:4)
  A gnoll sergeant (D:13)
  2 bullfrogs
  3 scorpions
  8 wights
  10 killer bees
  5 electric eels (D:10)
  8 howler monkeys
  2 jellies
  6 hounds
  2 gnoll boudas
  15 orc priests
  Crazy Yiuf (D:4)
  Jessica (D:2)
  3 sleepcaps (D:5)
  Ijyb (D:3)
  13 iguanas
  20 orc wizards
  Robin (D:2)
  15 gnolls
  4 adders
  2 shadow imps
  A white imp (D:8)
  4 ufetubi
  2 worms
  7 dart slugs
  67 orcs
  11 ball pythons
  7 endoplasms
  4 giant cockroaches
  13 goblins
  10 hobgoblins
  3 jackals (D:2)
  A quokka (D:1)
  3 bats (D:1)
  5 frilled lizards
  A goblin zombie (D:4)
  27 kobolds
  An orc zombie (D:4)
  3 rats
446 creatures vanquished.

Vanquished Creatures (collateral kills)
  A wraith (D:12)
  4 yaks (D:12)
5 creatures vanquished.

Vanquished Creatures (others)
  A vampire mosquito (D:14)
  An orc priest (Orc:2)
  2 orc wizards
  A kobold (D:10)
5 creatures vanquished.

Grand Total: 456 creatures vanquished

Notes
Turn   | Place    | Note
-------+----------+-------------------------------------------
     0 | D:1      | pop123321pop the Minotaur Berserker began the quest for the
                  | Orb.
     0 | D:1      | Reached XP level 1. HP: 19/19 MP: 0/0
   333 | D:1      | Reached XP level 2. HP: 26/26 MP: 1/1
   736 | D:2      | Noticed Jessica
   741 | D:2      | Killed Jessica
   742 | D:2      | Reached skill level 5 in Maces & Flails
   742 | D:2      | Reached XP level 3. HP: 19/31 MP: 2/2
   992 | D:2      | Reached ** piety under Trog
  1010 | D:2      | Reached XP level 4. HP: 39/39 MP: 3/3
  1232 | D:2      | Noticed Sigmund
  1257 | D:2      | Killed Sigmund
  1258 | D:2      | Reached XP level 5. HP: 12/45 MP: 4/4
  1608 | D:2      | Noticed Robin
  1625 | D:2      | Reached XP level 6. HP: 49/51 MP: 5/5
  1630 | D:2      | Killed Robin
  2129 | D:3      | Noticed Ijyb
  2129 | D:3      | Paralysed by Ijyb for 2 turns
  2131 | D:3      | Found a faded altar of an unknown god.
  2139 | D:3      | Paralysed by Ijyb for 2 turns
  2146 | D:3      | Killed Ijyb
  2408 | D:3      | Found Voredio's Weapon Boutique.
  2904 | D:4      | Found a sand-covered staircase.
  3130 | D:4      | Found a runed translucent door.
  3131 | D:4      | Noticed Crazy Yiuf
  3194 | D:4      | Reached *** piety under Trog
  3195 | D:4      | Reached XP level 7. HP: 53/57 MP: 6/6
  3263 | D:4      | Noticed Blork the orc
  3270 | D:4      | Killed Blork the orc
  3271 | D:4      | Reached skill level 10 in Maces & Flails
  3627 | D:4      | Killed Crazy Yiuf
  3635 | D:4      | Identified a scroll of acquirement
  3641 | D:4      | Acquired the +4 great mace "Giant's Nightmare" {venom,
                  | *Noise Str+4 Dex+4}
  3704 | D:5      | Entered Level 5 of the Dungeon
  3759 | D:5      | Reached XP level 8. HP: 64/64 MP: 7/7
  3954 | D:5      | Found a staircase to the Ecumenical Temple.
  3968 | D:5      | Found a shimmering blue altar of Sif Muna.
  4861 | D:6      | HP: 3/60 [orc warrior/+0 trident (15)]
  5353 | D:6      | Reached **** piety under Trog
  5398 | D:6      | Reached skill level 4 in Fighting
  5531 | D:6      | Reached skill level 5 in Fighting
  5538 | D:6      | Reached skill level 6 in Fighting
  5860 | D:6      | Reached XP level 9. HP: 75/78 MP: 8/8
  6042 | D:7      | Reached skill level 7 in Fighting
  6168 | D:7      | Noticed a manticore
  6172 | D:7      | Reached skill level 8 in Fighting
  6174 | D:7      | Killed a manticore
  6175 | D:7      | Reached skill level 9 in Fighting
  6184 | D:7      | Reached skill level 10 in Fighting
  6288 | D:7      | Noticed Pikel
  6296 | D:7      | Killed Pikel
  6297 | D:7      | Reached skill level 11 in Fighting
  6354 | D:7      | Noticed Maggie
  6360 | D:7      | Killed Maggie
  6506 | D:7      | Reached skill level 12 in Fighting
  6539 | D:7      | Reached XP level 10. HP: 97/97 MP: 9/9
  7210 | D:8      | Reached skill level 13 in Fighting
  7354 | D:8      | Found a transporter.
  7354 | D:8      | Noticed Grum
  7355 | D:8      | Noticed tinfoiltophat's ghost (novice DjCj)
  7372 | D:8      | Killed Grum
  7373 | D:8      | Reached skill level 14 in Fighting
  7494 | D:8      | Found a transporter.
  7495 | D:8      | Identified the +9 dire flail "Hell-Harrower" {heavy, Will+}
  7495 | D:8      | Identified the +4 great mace of Vos Lixa {drain, rN+ Str+2}
  7495 | D:8      | Noticed a two-headed ogre
  7727 | D:8      | Found Viaz's Distillery.
  8075 | D:9      | Found Tiycvih's Antique Armour Boutique.
  8081 | D:9      | Bought a pair of glowing gloves for 172 gold pieces
  8249 | D:9      | Reached skill level 15 in Fighting
  8278 | D:9      | Reached XP level 11. HP: 52/114 MP: 10/10
  8473 | D:9      | Reached ***** piety under Trog
  8587 | D:9      | Reached skill level 16 in Fighting
  9266 | D:9      | Reached skill level 5 in Armour
  9413 | D:10     | Entered Level 10 of the Dungeon
  9840 | D:10     | Found an ornate altar of the Wu Jian Council.
  9945 | D:10     | Noticed Sonja
  9949 | D:10     | Killed Sonja
 11723 | D:10     | Found a staircase to the Lair.
 11812 | D:10     | Noticed Amaemon
 11822 | D:10     | Killed Amaemon
 11822 | D:10     | Received a gift from Trog
 12361 | D:11     | Reached skill level 10 in Armour
 12363 | D:11     | Noticed a centaur warrior
 12368 | D:11     | Killed a centaur warrior
 12531 | D:11     | Noticed a cyan ugly thing
 12541 | D:11     | Killed a cyan ugly thing
 12983 | D:11     | Identified the +1 chain mail "Geocu" {rElec Will+}
 12990 | D:11     | Reached XP level 12. HP: 118/122 MP: 11/11
 13198 | D:12     | Reached skill level 1 in Ranged Weapons
 13325 | D:12     | Found a staircase to the Orcish Mines.
 13447 | D:12     | Noticed a centaur warrior
 13454 | D:12     | Killed a centaur warrior
 13457 | D:12     | Reached skill level 5 in Ranged Weapons
 13494 | D:12     | Noticed a two-headed ogre
 13500 | D:12     | Killed a two-headed ogre
 13523 | D:12     | Found a white marble altar of Elyvilon.
 13607 | D:12     | Found Ymes's Magic Scroll Emporium.
 14072 | Orc:1    | Entered Level 1 of the Orcish Mines
 14309 | Orc:2    | Entered Level 2 of the Orcish Mines
 14309 | Orc:2    | Found Fuepritz's Book Boutique.
 14405 | Orc:2    | Found a staircase to the Elven Halls.
 14563 | Orc:2    | Noticed an orc high priest
 14566 | Orc:2    | Noticed an orc warlord
 14640 | Orc:1    | Killed an orc warlord
 14823 | Orc:2    | Killed an orc high priest
 14824 | Orc:2    | Reached skill level 10 in Ranged Weapons
 14902 | Orc:2    | Received a gift from Trog
 14907 | Orc:2    | Found Nicumel's Antique Weapon Emporium.
 15231 | Orc:2    | Found Qimepho's Jewellery Emporium.
 15330 | Orc:2    | Found Weedon's Antique Armour Emporium.
 15345 | Orc:2    | Found Dawom's General Store.
 15617 | D:13     | Reached skill level 1 in Evocations
 15617 | D:13     | Reached XP level 13. HP: 96/129 MP: 12/12
 16241 | D:13     | Paralysed by an air elemental for 1 turns
 16244 | D:13     | Paralysed by an air elemental for 1 turns
 16247 | D:13     | Paralysed by an air elemental for 1 turns
 16713 | D:13     | Reached skill level 5 in Evocations
 16718 | D:13     | HP: 9/193 [seven-headed hydra (7)]
 16991 | D:14     | Slain by a skeletal warrior

Illustrated notes

Levels and vault maps discovered:
D:1:      roderic_dead_forest, layout_basic, kennysheep_boxes
D:2:      layout_basic, uniq_jessica, uniq_robin, uniq_sigmund
D:3:      layout_loops_cross, shapermc_ecumenical_altar_acropolis, serial_shops,
          nicolae_shop_crystal, uniq_ijyb
D:4:      layout_basic, enter_ossuary_3, uniq_crazy_yiuf_cottage,
          uniq_blork_the_orc
D:5:      layout_layer_cave, lemuel_crystal_altar, minmay_temple_entry_junction,
          minmay_hedge_maze
D:6:      layout_gridville
D:7:      layout_loops_corners, minmay_chambers_of_fives, uniq_pikel,
          uniq_maggie
D:8:      layout_basic, serial_shops, shop, gammafunk_ghost_smash, uniq_grum
D:9:      layout_stronghold, serial_shops, shop, minmay_lizard_king
D:10:     layout_basic, nzn_wu_jian_contemplation, grunt_decor_cap,
          lemuel_flamethrower_hall, uniq_amaemon, uniq_sonja
D:11:     layout_loops_cross, hangedman_decor_points
D:12:     layout_irregular_city, erik_orc_3, serial_shops,
          nicolae_shop_peninsula, elyvilon_altar_5
D:13:     layout_grid_maze, dreamdust_looks_like_rain
D:14:     layout_long_grid, hangedman_vaults_entry_quadrant_bands,
          reono_crystal_passage, uniq_frances
Orc:1:    orc_temple, layout_caves, serial_shops, shop, shop
Orc:2:    grunt_orc_cross, layout_caves, serial_shops, shop

Skill      XL: |  1  2  3  4  5  6  7  8  9 10 11 12 13 |
---------------+----------------------------------------+-----
Maces & Flails | 4 5 6 7 8 9 11 13 | 13.1
Fighting       | 6 12 15 16 | 16.2
Armour         | 12 | 12.0
Ranged Weapons | 11 | 11.0
Evocations     | 1 7 |  7.1
Dodging        | |  2.1

Action                     |  1- 3 |  4- 6 |  7- 9 | 10-12 | 13-15 || total
---------------------------+-------+-------+-------+-------+-------++-------
  Melee: Mace              |    54 |    50 |       |       |       ||   104
         Headbutt          |     6 |    25 |    35 |    99 |    28 ||   193
         Whip              |       |    98 |    15 |       |       ||   113
         Great mace        |       |       |   136 |   501 |    98 ||   735
         Punch             |       |       |     1 |       |       ||     1
   Fire: Shortbow          |       |       |       |    86 |     3 ||    89
         Orcbow            |       |       |       |       |     2 ||     2
 Invoke: Trog's Hand       |       |     1 |       |       |       ||     1
         Berserk           |       |     1 |     2 |     6 |     3 ||    12
         Brothers in Arms  |       |       |       |     1 |       ||     1
    Use: Scroll            |       |       |     9 |     8 |       ||    17
         Potion            |       |       |       |     2 |       ||     2
 Armour: Animal skin       |    16 |       |       |       |       ||    16
         Ring mail         |     7 |    74 |    63 |       |       ||   144
         Plate armour      |       |       |    25 |   595 |   225 ||   845
  Dodge: Dodged            |    35 |    69 |   122 |   462 |    99 ||   787

Table legend: (Time is in decaauts)
 A = Elapsed time spent in this place.
 B = Non-inter-level travel time spent in this place.
 C = Inter-level travel time spent in this place.
 D = Time resting spent in this place.
 E = Time spent auto-exploring this place.
 F = Levels seen in this place.
 G = Mean time per level.
                   A        B        C        D        E       F      G
               +--------+--------+--------+--------+--------+-----+--------+
         Total |  17165 |  16545 |    620 |   3285 |  10415 |  16 | 1072.8 |
       Dungeon |  15641 |  15078 |    563 |   2895 |   9785 |  14 | 1117.2 |
  Orcish Mines |   1524 |   1467 |     57 |    390 |    630 |   2 |  762.0 |
               +--------+--------+--------+--------+--------+-----+--------+

Top non-repeatable levels by time:
    D:10: 2615 daAuts
     D:9: 1646 daAuts
     D:2: 1408 daAuts
     D:5: 1325 daAuts
    D:13: 1183 daAuts
     D:7: 1123 daAuts
    D:12: 1078 daAuts
     D:4: 1043 daAuts
     D:6: 1018 daAuts
     D:8: 932 daAuts
   Orc:2: 918 daAuts
    D:11: 864 daAuts
     D:1: 649 daAuts
   Orc:1: 605 daAuts
     D:3: 578 daAuts
